AoeStats
← FthFth

Nomad

510151405Analyzed
4v4 RM · 2d ago on Sep 29, 2026· 32m 27s· 8 players
Game mode
Random Map
Map size
231×231
Population
200
Speed
Normal
Resources
Standard
Victory
Conquest
Starting age
Dark Age
Ending age
Imperial Age
RankedLock teamsTeams togetherTeam positionsShared explorationLock speedFull tech treeHidden civsTurbo modeCheats
Victory
Defeat
🇹🇼 Saxons · Taiwan
837
+13
🇹🇷 Bulgarians · Türkiye
831
+13
🇨🇱 Mapuche · Chile
782
+15
🇹🇼 Britons · Taiwan
748
+16
🇲🇽 Hindustanis · Mexico
914
-21
🇮🇹 Magyars · Italy
722
-13
🇧🇷 Italians · Brazil
696
-12
🇬🇭 Celts · Ghana
692
-11
FthFth
4:46 Loom
16:35 Feudal Age
18:49 Town Watch
22:27 Castle Age
21:23 Double-Bit Axe
21:32 Stone Mining
21:36 Gold Mining
21:37 Fishing Lines
26:07 Light Cavalry
26:58 Bloodlines
27:24 Stirrups
28:38 Wheelbarrow
28:53 Bow Saw
29:20 Gold Shaft Mining
28:28 Horse Collar
moises.troncoso.1990
5:28 Loom
12:45 Feudal Age
19:12 Castle Age
24:29 Fletching
26:05 Bodkin Arrow
29:06 Ballistics
28:52 Padded Archer Armor
ZIV_83tw
13:26 Feudal Age
14:54 Man-at-Arms
23:23 Double-Bit Axe
25:16 Gold Mining
26:32 Loom
27:10 Arson
caachris83
15:43 Feudal Age
16:06 Man-at-Arms
17:39 Scale Mail Armor
21:18 Forging
Capitano Gert
13:31 Feudal Age
14:58 Horse Collar
15:05 Double-Bit Axe
22:42 Scale Barding Armor
Ironkinghard
14:05 Feudal Age
15:03 Horse Collar
15:35 Double-Bit Axe
16:39 Fishing Lines
18:26 Wheelbarrow
19:26 Man-at-Arms
29:41 Castle Age
28:42 Fletching
28:53 Padded Archer Armor
30:08 Crossbowman
kamal2k00
18:19 Feudal Age
20:14 Wheelbarrow
19:35 Horse Collar
19:51 Double-Bit Axe
20:46 Gold Mining
22:41 Stone Mining
27:08 Castle Age
27:44 Forging
27:35 Scale Mail Armor
SER
5:40 Loom
13:38 Feudal Age
15:06 Double-Bit Axe
15:27 Town Watch
22:17 Castle Age
20:43 Fletching
20:53 Gold Mining
23:14 Bow Saw
23:00 Bodkin Arrow
24:41 Medium Warships
27:28 Gold Shaft Mining
28:11 Stone Mining
31:38 Stone Shaft Mining
Connection lost

Rejoining the realm…

Still unreachable

The connection could not be restored.

Session expired

The server has moved on; the page needs a fresh start.